 Dungeon Crawl Stone Soup version 0.30-a0-219-gf2db51d15e (webtiles) character file.

Game seed: 17460769440709587262

100 Flugkiller the Slasher (level 5, 0/45 HPs)
             Began as a Meteoran Chaos Knight on Oct 6, 2022.
             Was a Plaything of Xom.
             Slain by Robin
             ... wielding a +0 mace
              (3 damage)
             ... on level 2 of the Dungeon.
             The game lasted 00:02:58 (815 turns).

Flugkiller the Slasher (Meteoran Chaos Knight)       Turns: 815, Time: 00:02:58

Health: 0/45       AC:  5    Str: 14    XL:     5   Next: 25%
Magic:  6/6        EV: 11    Int: 13    God:    Xom [......]
Gold:   103        SH:  0    Dex: 15    Spells: 4/4 levels left

rFire   . . .      SeeInvis .    a - +0 falchion (chaos)
rCold   . . .      Faith    .    (no shield)
rNeg    . . .      Spirit   .    b - +2 leather armour
rPois   .          Reflect  .    (no helmet)
rElec   .          Harm     .    (no cloak)
rCorr   .          Rampage  .    (no gloves)
Will    .....                    (no boots)
Stlth   +.........               (no amulet)
HPRegen 0.27/turn                (no ring)
MPRegen 0.10/turn                (no ring)

@: glowing
A: sense surroundings 1, otherworldly, glowing, explore regen
a: Renounce Religion


You were on level 2 of the Dungeon.
You worshipped Xom.
You were a very special plaything of Xom.
You visited 1 branch of the dungeon, and saw 2 of its levels.

You collected 103 gold pieces.

Inventory:

Hand Weapons
 a - a +0 falchion of chaos (weapon)
Armour
 b - a +2 leather armour (worn)
Jewellery
 d - a ring of fire
   (You found it on level 1 of the Dungeon)
Scrolls
 f - 2 scrolls of enchant weapon
 g - a scroll of amnesia {unknown}
 h - 2 scrolls of summoning
 t - 2 scrolls of teleportation
Potions
 e - a potion of attraction {unknown}
Miscellaneous
 c - a piece from Xom's chessboard (15/15) (quivered)


   Skills:
 - Level 3.2 Fighting
 + Level 6.4 Long Blades
 - Level 2.4 Armour
 - Level 1.2 Dodging


You had 4 spell levels left.
You didn't know any spells.
Your spell library was empty.

Dungeon Overview and Level Annotations

Branches:
Dungeon (2/15) Zot: 377

Altars:
Zin

Annotations:
D:2 Robin


Innate Abilities, Weirdness & Mutations

You passively map a small area around you.
You are easily found by Zot.
You glow in the dark.
You regain HP and MP as you explore.


Message History

You are now a very special plaything of Xom.
You now have 103 gold pieces (gained 42).
Found a stone staircase leading down.
A hobgoblin and a goblin come into view.
The hobgoblin shouts!
The goblin shouts!
You hear a shout! x2
A goblin comes into view. It is wielding a +0 club.
The goblin shouts!
A goblin comes into view. It is wielding a +0 dagger.
Robin and a hobgoblin come into view.
Robin shouts!
The hobgoblin shouts!
Robin throws the goblin at you!
The goblin unwields a +0 club.
The goblin wields a +0 sling.
The goblin shoots a sling bullet.
The sling bullet hits you.
You hear a shout!
The goblin hits you but does no damage. The goblin attacks as you move away!
The goblin hits you with a +0 dagger.
The goblin shoots a sling bullet.
The sling bullet closely misses you. The goblin attacks as you move away!
The goblin hits you with a +0 dagger. The goblin attacks as you move away!
The goblin hits you but does no damage.
You hit the goblin.
You feel better.
The goblin is severely wounded.
The goblin hits you with a +0 dagger.
You completely miss the goblin.
The goblin is severely wounded.
The goblin hits you with a +0 dagger.
You hit the goblin. You freeze the goblin.
You kill the goblin!
You closely miss the goblin. The goblin closely misses you.
You slash the goblin! You freeze the goblin.
You kill the goblin!
Robin throws the goblin at you!
You barely miss the hobgoblin. The goblin hits you but does no damage.
A goblin comes into view. It is wielding a +0 club.
The hobgoblin hits you but does no damage.
Robin roars a battlecry!
The goblins go into a battle-frenzy!
You hear a shout!
You hit the hobgoblin.
The hobgoblin is almost dead.
You barely miss the hobgoblin.
The hobgoblin is almost dead.
The goblin hits you with a +0 dagger. The hobgoblin barely misses you.
Robin roars a battlecry!
You closely miss the goblin. The goblin hits you with a +0 dagger.
The hobgoblin hits you.
A hobgoblin comes into view.
You closely miss the goblin. The goblin misses you. The hobgoblin hits you.
You hit the goblin.
The goblin is severely wounded.
The goblin hits you but does no damage.
A goblin comes into view. It is wielding a +2 vampiric dagger.
The hobgoblin hits you.
You hit the goblin. You burn the goblin.
You kill the goblin!
The hobgoblin barely misses you.
A goblin comes into view. It is wielding a +0 dagger.
The hobgoblin attacks as you move away!
The hobgoblin hits you but does no damage.
Robin throws the goblin at you! The goblin hits you but does no damage.
Things that are here:
a +0 dagger; a goblin corpse You closely miss the hobgoblin.
The hobgoblin is almost dead.
The goblin hits you but does no damage. The hobgoblin hits you.
You hit the hobgoblin.
You kill the hobgoblin!
A goblin comes into view. It is wielding a +0 dagger.
The goblin hits you with a +0 club.
You hit the goblin but do no damage.
The goblin is poisoned.
The goblin closely misses you.
The goblin unwields a +0 sling.
The goblin wields a +0 club.
The goblin hits you with a +0 club.
You hit the goblin but do no damage. The goblin barely misses you.
The goblin hits you with a +0 club.
You closely miss the goblin. "This is how I like it!"
You swap places with the goblin. 2 endoplasms come into view.
The goblin looks rather confused.
Some monsters swap places.
The hobgoblin looks rather confused.
The goblin looks rather confused.
The hobgoblin no longer looks unusually strong.
Robin says, "Bow before me, strongest of all the hobgoblins!"
Robin hits you with a +0 mace.
* * * LOW HITPOINT WARNING * * *
The hobgoblin closely misses you.
The hobgoblin closely misses the goblin.
The goblin closely misses the hobgoblin.
The goblin hits the hobgoblin with a +2 vampiric dagger.
Robin attacks as you move away! Robin hits you with a +0 mace.
* * * LOW HITPOINT WARNING * * *
The hobgoblin hits you.
* * * LOW HITPOINT WARNING * * *
The goblin hits the hobgoblin with a +0 club.
The hobgoblin is killed!
You feel a bit more experienced.
You hear a shout!
You slash Robin!
Robin flickers and vanishes!
Deactivating autopickup; reactivate with Ctrl-A.
Something hits you.
You die... "This toy is broken."

*.. #.# *
#.##J# , #..#J#
, #...# * ,,,
#..## * ,, ,,
#...## * ,
##...### * *
##.g{.###
#..#@..#
##g###...# #.#
*#.# , * * #g#
# * #g# , # #)#
* ...## ,
##g###
*#.#....,
#....##.....#.#
#
#.......>#**#.#
#


You could see a goblin (strong, confused).

Vanquished Creatures
  4 gnolls (D:2)
  An adder (D:2)
  A worm (D:1)
  2 dart slugs (D:1)
  3 bats
  4 endoplasms
  2 giant cockroaches
  7 goblins
  6 hobgoblins
  A quokka (D:1)
  6 ball pythons
  4 frilled lizards (D:1)
  5 kobolds
  A rat (D:2)
47 creatures vanquished.

Vanquished Creatures (others)
  A fungus (D:1)
  4 plants (D:1)
5 creatures vanquished.

Grand Total: 52 creatures vanquished

Notes
Turn   | Place    | Note
-------+----------+-------------------------------------------
     0 | D:1      | Flugkiller the Meteoran Chaos Knight began the quest for
                  | the Orb.
     0 | D:1      | Reached XP level 1. HP: 19/19 MP: 2/2
    56 | D:1      | Reached skill level 4 in Long Blades
    56 | D:1      | Reached XP level 2. HP: 26/26 MP: 3/3
    81 | D:1      | XOM: silly message
   323 | D:1      | Reached XP level 3. HP: 31/31 MP: 4/4
   411 | D:1      | Reached skill level 5 in Long Blades
   422 | D:1      | Found a faded altar of an unknown god.
   531 | D:2      | Reached XP level 4. HP: 33/38 MP: 5/5
   557 | D:2      | Reached skill level 6 in Long Blades
   597 | D:2      | Reached XP level 5. HP: 22/45 MP: 6/6
   613 | D:2      | Found a glowing silver altar of Zin.
   731 | D:2      | XOM: 2-stop teleportation journey
   763 | D:2      | XOM: god gift: 42 gold pieces
   787 | D:2      | Noticed Robin
   812 | D:2      | XOM: swap monsters
   815 | D:2      | Slain by Robin

Illustrated notes

Levels and vault maps discovered:
D:1:      psy_arrival_basics, layout_basic,
          shapermc_ecumenical_altar_mp_urbaneastern
D:2:      layout_rooms, basic_altar, grunt_ministairs_1, minmay_cut_off,
          uniq_natasha, uniq_robin

Skill      XL: |  1  2  3  4 |
---------------+-------------+-----
Long Blades    | 4 5 6 |  6.4
Fighting       | |  3.2
Armour         | |  2.4
Dodging        | |  1.2

Action                   |  1- 3 |  4- 6 || total
-------------------------+-------+-------++-------
Melee: Falchion          |    85 |    55 ||   140
       Punch             |       |     2 ||     2
  Use: Scroll            |     2 |     1 ||     3
Armor: Leather armour    |    47 |    32 ||    79
Dodge: Dodged            |    49 |    33 ||    82

Table legend: (Time is in decaauts)
 A = Elapsed time spent in this place.
 B = Non-inter-level travel time spent in this place.
 C = Inter-level travel time spent in this place.
 D = Time resting spent in this place.
 E = Time spent auto-exploring this place.
 F = Levels seen in this place.
 G = Mean time per level.
                   A        B        C        D        E       F      G
               +--------+--------+--------+--------+--------+-----+--------+
         Total |    822 |    785 |     37 |      0 |      0 |   2 |  411.0 |
       Dungeon |    822 |    785 |     37 |      0 |      0 |   2 |  411.0 |
               +--------+--------+--------+--------+--------+-----+--------+

Top non-repeatable levels by time:
     D:1: 511 daAuts
     D:2: 310 daAuts
